 Dungeon Crawl Stone Soup version 0.23.1 (webtiles) character file.

Game seed: 5476828523292874991

424 Borgoz the Cutter (level 6, 0/52 HPs)
             Began as a Ghoul Monk on Mar 18, 2019.
             Slain by an ogre
             ... wielding a +0 giant spiked club
              (21 damage)
             ... on level 4 of the Dungeon.
             The game lasted 00:06:17 (2580 turns).

Borgoz the Cutter (Ghoul Monk)                      Turns: 2580, Time: 00:06:17

Health: 0/52       AC:  6    Str: 15    XL:     6   Next: 96%
Magic:  5/5        EV: 12    Int:  5    God:
Gold:   138        SH:  0    Dex: 13    Spells: 5/5 levels left

rFire    . . .     SeeInvis .   a - +2 dagger (venom)
rCold    + . .     Gourm    .   (no shield)
rNeg     + + +     Faith    .   f - +0 ring mail
rPois    ∞         Spirit   .   (no helmet)
rElec    .         Reflect  .   (no cloak)
rCorr    .         Harm     .   b - +0 pair of gloves
MR       .....                  (no boots)
Stlth    ++........             h - amulet of regeneration
HPRegen  0.00/turn              (no ring)
MPRegen  0.09/turn              (no ring)

@: rotting
A: rotting body, claws 1, carnivore, cold resistance 1, negative energy
resistance 3, inhibited regeneration, torment resistance, unbreathing
a: no special abilities


You were on level 4 of the Dungeon.
You were not hungry.

You visited 1 branch of the dungeon, and saw 4 of its levels.

You collected 138 gold pieces.

Inventory:

Hand Weapons
 a - a +2 dagger of venom (weapon)
Armour
 b - a +0 pair of gloves (worn)
 f - a +0 ring mail (worn)
Jewellery
 h - an amulet of regeneration (around neck)
Scrolls
 e - 3 scrolls of remove curse
 g - a scroll of fear
 k - a scroll of enchant armour
Potions
 d - a potion of agility
 j - a potion of resistance
 l - a potion of invisibility
 m - a potion of flight
 o - a potion of curing
Comestibles
 c - 9 rations
 i - 6 chunks of flesh


   Skills:
 + Level 4.1 Fighting
 * Level 4.1 Short Blades
 * Level 2.9 Armour
 * Level 4.1 Dodging
 + Level 3.5 Stealth


You had 5 spell levels left.
You didn't know any spells.
Your spell library was empty.

Dungeon Overview and Level Annotations

Branches:
Dungeon (4/15)
 Temple: D:4-7

Altars:
Elyvilon
Fedhas
Qazlal
Sif Muna
Wu Jian
The Shining One

Shops:
D:4 *

Annotations:
D:4 Grinder


Innate Abilities, Weirdness & Mutations

Your body is rotting away.
You thrive on raw meat.
You are immune to poison.
You have sharp fingernails.
You are carnivorous and can eat meat at any time.
Your flesh is cold resistant. (rC+)
You are immune to negative energy. (rN+++)
You do not regenerate when monsters are visible.
You are immune to unholy pain and torment.
You can survive without breathing.


Message History

Eat one of 9 chunks of flesh? (ye/n/q)
You eat one of the 9 chunks of flesh.
This raw flesh tastes great!
Grinder hits you.
The ogre hits you with a +0 giant spiked club!
* * * LOW HITPOINT WARNING * * *
Unknown command.
Okay, then.
The ogre barely misses you.
Eat one of 8 chunks of flesh? (ye/n/q)
You eat one of the 8 chunks of flesh.
This raw flesh tastes great!
Grinder blinks!
Eat one of 7 chunks of flesh? (ye/n/q)
You eat one of the 7 chunks of flesh.
This raw flesh tastes great!
You hit the ogre.
The ogre is poisoned.
The ogre is lightly wounded.
The ogre barely misses you.
You hit the ogre.
The ogre is severely wounded.
The ogre hits you with a +0 giant spiked club!!
You die...

...#.....#.##..##+## ##'##
#...>...O.##.^...# #..####
.#.....#.##..#### #.###.. #
#..§..#.....# #.# #.#
#..###.###.#..## #.# #..
#..........#...#########.###.#
#...##.#####...............#..
##. #.#####...###########.#.#
# #.5....O@###########.....
#.......................#
#..#.##...§......##...#..
#..#...........#........#
#..####.≈.∩.≈....##...#..
#..###........#.###.....#
#.........#...#. #..##..
##..##........#. #..###.
#.....####. #..# #.


You could see Grinder and an ogre.

Vanquished Creatures
  A bullfrog (D:4)
  2 orc priests (D:4)
  2 hounds (D:4)
  2 orc wizards (D:3)
  An iguana (D:4)
  2 worker ants (D:4)
  2 adders (D:2)
  An ooze (D:1)
  2 dart slugs (D:1)
  4 leopard geckos
  9 orcs
  6 bats
  4 giant cockroaches
  5 goblins
  5 hobgoblins
  10 jackals
  3 quokkas
  A ball python (D:2)
  2 frilled lizards
  5 kobolds
  5 rats
74 creatures vanquished.

Notes
Turn   | Place    | Note
-------+----------+-------------------------------------------
     0 | D:1      | Borgoz the Ghoul Monk began the quest for the Orb.
     0 | D:1      | Reached XP level 1. HP: 19/19 MP: 0/0
   311 | D:1      | Reached XP level 2. HP: 14/26 MP: 1/1
   588 | D:1      | Reached XP level 3. HP: 30/31 MP: 2/2
   653 | D:1      | Reached skill level 1 in Armour
  1075 | D:2      | Noticed a scorpion
  1241 | D:2      | Reached XP level 4. HP: 36/38 MP: 3/3
  1306 | D:2      | You fall through a shaft for 2 floors!
  1306 | D:4      | Found Vuqi's Elemental Accessories.
  1355 | D:4      | Found a white marble altar of Elyvilon.
  1376 | D:4      | Noticed a bullfrog
  1395 | D:4      | Killed a bullfrog
  1395 | D:4      | Reached XP level 5. HP: 39/46 MP: 4/4
  1527 | D:3      | Noticed Grinder
  1544 | D:3      | Reached XP level 6. HP: 27/52 MP: 5/5
  1758 | D:3      | Found a stormy altar of Qazlal.
  1759 | D:3      | Found a blossoming altar of Fedhas.
  1761 | D:3      | Found an ornate altar of the Wu Jian Council.
  1763 | D:3      | Found a deep blue altar of Sif Muna.
  1765 | D:3      | Found a glowing golden altar of the Shining One.
  2580 | D:4      | Slain by an ogre

Skill      XL: |  1  2  3  4  5  6 |
---------------+-------------------+-----
Short Blades   | 3 4 |  4.1
Dodging        | 3 4 |  4.1
Armour         | 1 2 |  2.9
Stealth        | 3 |  3.5
Fighting       | 4 |  4.1

Action                   |  1- 3 |  4- 6 || total
-------------------------+-------+-------++-------
Melee: Short sword       |   146 |   170 ||   316
       Dagger            |       |    55 ||    55
  Use: Potion            |     3 |     2 ||     5
       Scroll            |     4 |     4 ||     8
 Stab: Sleeping          |     4 |     3 ||     7
  Eat: Chunk             |    11 |    24 ||    35
Armor: Robe              |    13 |       ||    13
       Leather armour    |    18 |     1 ||    19
       Ring mail         |       |    71 ||    71
Dodge: Dodged            |   106 |   130 ||   236
